 Dungeon Crawl Stone Soup version 0.29.1-2-gbd0b4ee654 (webtiles) character file.

Game seed: 411719563712045712

46 DemonSlayer the Firebug (level 3, -1/24 HPs)
             Began as a Demonspawn Fire Elementalist on Oct 26, 2022.
             Slain by an orc
             ... wielding a +0 flail
              (3 damage)
             ... on level 3 of the Dungeon.
             The game lasted 00:02:56 (1360 turns).

DemonSlayer the Firebug (DsFE)                      Turns: 1360, Time: 00:02:56

Health: -1/24      AC:  2    Str:  8    XL:     3   Next: 46%
Magic:  2/6        EV: 12    Int: 18    God:
Gold:   91         SH:  0    Dex: 13    Spells: 4/7 levels left

rFire   . . .      SeeInvis .   i - +0 rapier
rCold   . . .      Faith    .   (no shield)
rNeg    . . .      Spirit   .   a - +0 robe
rPois   .          Reflect  .   (helmet restricted)
rElec   .          Harm     .   (no cloak)
rCorr   .          Rampage  .   (no gloves)
Will    .....                   (no boots)
Stlth   ++........              (no amulet)
HPRegen 0.08/turn               (no ring)
MPRegen 0.10/turn               (no ring)

@: no status effects
A: antennae 1
a: no special abilities


You were on level 3 of the Dungeon.
You visited 1 branch of the dungeon, and saw 3 of its levels.

You collected 91 gold pieces.

Inventory:

Hand Weapons
 i - a +0 rapier (weapon)
Armour
 a - a +0 robe (worn)
Scrolls
 c - a scroll of torment {unknown}
 e - a scroll of teleportation {unknown}
 g - a scroll of poison {unknown}
Potions
 b - a potion of magic
 d - a potion of flight {unknown}
 f - a potion of haste {unknown}
 h - a potion of attraction {unknown}
 j - a potion of curing {unknown}


   Skills:
 + Level 0.2 Short Blades
 + Level 2.0 Dodging
 + Level 1.9 Stealth
 + Level 2.5 Spellcasting
 + Level 1.7 Conjurations
 + Level 3.2 Fire Magic


You had 4 spell levels left.
You knew the following spells:

 Your Spells              Type           Power      Damage    Failure   Level
a - Foxfire               Conj/Fire      44%        2x1d6     6%          1
b - Scorch                Fire           26%        2d6       7%          2

Your spell library contained the following spells:

 Spells                   Type           Power      Damage    Failure   Level
 Conjure Flame            Conj/Fire      11%        6-21      19%         3
 Inner Flame              Hex/Fire       8%         N/A       26%         3
 Flame Wave               Conj/Fire      11%        2d6       52%         4


Dungeon Overview and Level Annotations

Branches:
Dungeon (3/15)

Altars:


Innate Abilities, Weirdness & Mutations

You have a pair of small antennae on your head.


Message History

The orc shouts!
The orc priest shouts!
The orc priest looks braver for a moment.
An orc comes into view. It is wielding a +0 trident.
The orc shouts!
There are monsters nearby!
There are monsters nearby!
There are monsters nearby!
There are monsters nearby!
There is a stone staircase leading down here.
You conjure some foxfire!
You conjure some foxfire!
The foxfire hits the orc.
The orc is moderately wounded.
The foxfire hits the orc.
The orc is severely wounded.
You conjure some foxfire!
The foxfire hits the orc.
The orc is almost dead.
The foxfire hits the orc.
You kill the orc!
The orc priest begins to cast a cantrip, but forgets the words!
You conjure some foxfire!
The foxfire hits the orc priest.
The orc priest is heavily wounded.
The foxfire hits the orc priest but does no damage.
The orc priest is heavily wounded.
The orc priest mumbles some strange prayers to Beogh against you.
Beogh smites you!
Ouch! That really hurt!
The foxfire hits the orc priest.
The orc priest is severely wounded.
The foxfire hits the orc priest but does no damage.
The orc priest is severely wounded.
You climb downwards.
The orc shouts!
Found 8 gold pieces.
There is a stone staircase leading up here.
Found a sedimented amethyst potion.
The orc hits you with a +0 flail!
* * * LOW HITPOINT WARNING * * *
You hit the orc.
The orc is severely wounded.
The orc hits you with a +0 flail.
You die...

#.# #.# #.#
#### . #..
..... ...
###.###.#..#
....#.........#
..............#
#..<@o..$.#
###.....#.#
#.##### ...
.... ......
!......
.........


You could see an orc.

Vanquished Creatures
  2 adders (D:2)
  A dart slug (D:1)
  An orc (D:2)
  3 ball pythons
  4 endoplasms (D:2)
  A giant cockroach (D:1)
  2 goblins
  4 quokkas
  4 bats
  2 frilled lizards
  2 kobolds
26 creatures vanquished.

Vanquished Creatures (others)
  109 foxfires
109 creatures vanquished.

Grand Total: 135 creatures vanquished

Notes
Turn   | Place    | Note
-------+----------+-------------------------------------------
     0 | D:1      | DemonSlayer the Demonspawn Fire Elementalist began the
                  | quest for the Orb.
     0 | D:1      | Reached XP level 1. HP: 13/13 MP: 3/3
   439 | D:1      | Gained mutation: You have a pair of small antennae on your
                  | head. [demonic ancestry]
   439 | D:1      | Reached XP level 2. HP: 18/19 MP: 1/5
   442 | D:1      | Learned a level 2 spell: Scorch
   489 | D:1      | You fall into a shaft and drop 1 floor!
   573 | D:2      | Reached skill level 3 in Fire Magic
   825 | D:2      | Reached XP level 3. HP: 24/24 MP: 1/6
  1360 | D:3      | Slain by an orc

Illustrated notes

Levels and vault maps discovered:
D:1:      dpeg_arrival_rhombus, layout_basic,
          hellmonk_ecumenical_altar_pennies_from_heaven, serial_corexii_hall,
          corexii_hall_statues_u, corexii_hall_statues_l,
          chequers_hall_statues_y
D:2:      layout_rooms, hangedman_glass_teeth
D:3:      layout_basic, fiery_altar_vehumet, minmay_close_crescents,
          uniq_natasha

Skill      XL: |  1  2 |
---------------+-------+-----
Dodging        | 2 |  2.0
Fire Magic     | 3 |  3.2
Short Blades   | |  0.2
Stealth        | |  1.9
Spellcasting   | |  2.5
Conjurations   | |  1.7

Action                   || total
-------------------------++-------
Melee: Short sword       ||    12
       Rapier            ||     7
 Cast: Foxfire           ||    61
       Scorch            ||     2
 Stab: Sleeping          ||     1
Armor: Robe              ||     9
Dodge: Dodged            ||    23
